 Dungeon Crawl Stone Soup version 0.29-a0-330-g52719c12eb (webtiles) character file.

Game seed: 9831023593234277679

304 bande the Covered (level 6, -9/39 HPs)
             Began as a Gargoyle Fighter on Apr 13, 2022.
             Killed by divine providence
             ... invoked by an orc priest
              (16 damage)
             ... on level 4 of the Dungeon.
             The game lasted 00:06:30 (4242 turns).

bande the Covered (Gargoyle Fighter)                Turns: 4242, Time: 00:06:31

Health: -9/39      AC: 18    Str: 19    XL:     6   Next: 38%
Magic:  6/6        EV:  7    Int:  9    God:
Gold:   920        SH:  0    Dex: 11    Spells: 5/5 levels left

rFire   + . .      SeeInvis .   a - +0 war axe
rCold   . . .      Faith    .   c - +0 buckler
rNeg    + . .      Spirit   .   l - +0 chain mail
rPois   ∞          Reflect  .   r - +0 helmet
rElec   +          Harm     .   q - +0 cloak
rCorr   .          Rampage  .   (no gloves)
Will    .....                   m - +1 pair of boots
Stlth   ..........              (no amulet)
HPRegen 0.13/turn               n - ring of protection from fire
MPRegen 0.10/turn               (no ring)

@: confused
A: sickness immunity, AC +4, negative energy resistance 1, electricity
resistance, torment resistance 1, petrification resistance
a: no special abilities


You were on level 4 of the Dungeon.
You visited 1 branch of the dungeon, and saw 4 of its levels.

You collected 920 gold pieces.

Inventory:

Hand Weapons
 a - a +0 war axe (weapon)
 s - a +0 flail
Armour
 c - a +0 buckler (worn)
 l - a +0 chain mail (worn)
 m - a +1 pair of boots (worn)
 q - a +0 cloak (worn)
 r - a +0 helmet (worn)
Jewellery
 f - an amulet of the acrobat
 n - a ring of protection from fire (left hand)
Wands
 i - a wand of iceblast (10)
Scrolls
 b - 2 scrolls of fear
 o - a scroll of enchant armour
 p - a scroll of teleportation
Potions
 d - 2 potions of might
 e - 2 potions of curing
 g - 2 potions of ambrosia
 h - a potion of degeneration {unknown}
 j - a potion of resistance
 k - a potion of flight {unknown}


   Skills:
 + Level 4.3 Fighting
 + Level 4.0 Axes
 + Level 4.4 Armour
 + Level 4.1 Shields
 * Level 1.3 Evocations


You had 5 spell levels left.
You didn't know any spells.
Your spell library contained the following spells:

 Spells                   Type           Power      Damage    Failure   Level
 Static Discharge         Conj/Air       0%         N/A       100%        2
 Hailstorm                Conj/Ice       0%         3d3       100%        4
 Ice Form                 Ice/Tmut       0%         N/A       100%        4
 Lightning Bolt           Conj/Air       0%         1d11      100%        5
 Simulacrum               Ice/Necr       0%         N/A       100%        6
 Maxwell's Capacitive Co  Air            0%         ∞         100%        8


Dungeon Overview and Level Annotations

Branches:
Dungeon (4/15)
 Temple: D:4-7

Altars:


Innate Abilities, Weirdness & Mutations

You are immune to sickness and miasma.
Your stone body is resilient. (AC +4)
You are immune to poison.
You resist negative energy. (rN+)
You are resistant to electric shocks. (rElec)
You are resistant to unholy torment.
You are immune to petrification.


Message History

You miss the orc wizard.
You hear some strange, mumbled words.
A magic dart appears from out of thin air!
The magic dart hits you but does no damage.
The orc priest barely misses you.
The orc wizard points at you and mumbles some strange words.
You are confused.
The orc closely misses you. x2
The orc priest hits you but does no damage.
Something hits you but does no damage. The orc barely misses you.
The orc hits you but does no damage.
The orc wizard hits you with a +0 dagger.
You closely miss the orc priest.
The orc priest is heavily wounded.
You slash the orc!
You kill the orc!
You barely miss the orc. You completely miss something. You hit the orc wizard.
The orc priest hits you but does no damage.
Something hits you but does no damage.
The orc wizard hits you with a +0 dagger.
The orc barely misses you.
You bump into the rock wall.
The orc priest hits you but does no damage.
Something hits you but does no damage.
The orc wizard mumbles some strange words.
The orc wizard flickers and vanishes!
The orc completely misses you.
Unknown command.
You're too confused to move!
The orc priest mumbles some strange prayers to Beogh against you.
Beogh smites you!
* * * LOW HITPOINT WARNING * * *
You hear some strange, mumbled words.
Something tries to affect you, but you resist.
Something hits you but does no damage. The orc hits you but does no damage.
You barely miss the orc.
The orc is lightly wounded.
You miss the orc priest. You barely miss something. You miss something.
The orc priest calls down the wrath of Beogh upon you.
Beogh smites you!
You die...

## #.##.####.####### .# #.
#.# #.......# .# # #.#
########.## .# ....
.........#
.######.##########..#
..<.................#
..#......#########.#######
#.#.###..#.....{{#.......#
#...# .#.....o@....###.#
##..# #.....)o....# ##..#
............# ##..#
#######+#..## ##.# #..#
#.# #... ##.## .#


You could see an orc priest and an orc.

Vanquished Creatures
  2 orc priests
  Crazy Yiuf (D:3)
  An iguana (D:4)
  A gnoll (D:1)
  8 adders
  A worm (D:3)
  5 dart slugs
  10 orcs
  11 endoplasms
  5 giant cockroaches
  7 goblins
  6 hobgoblins
  2 jackals (D:3)
  5 kobolds
  A quokka (D:1)
  5 ball pythons
  6 bats
  6 frilled lizards
  7 rats
90 creatures vanquished.

Vanquished Creatures (others)
  2 plants (D:2)
2 creatures vanquished.

Grand Total: 92 creatures vanquished

Notes
Turn   | Place    | Note
-------+----------+-------------------------------------------
     0 | D:1      | bande the Gargoyle Fighter began the quest for the Orb.
     0 | D:1      | Reached XP level 1. HP: 14/14 MP: 1/1
   152 | D:1      | Reached XP level 2. HP: 19/19 MP: 2/2
   785 | D:1      | Reached XP level 3. HP: 21/24 MP: 3/3
  1688 | D:2      | Reached XP level 4. HP: 19/29 MP: 4/4
  1990 | D:2      | Identified the +6 hunting sling "Dulymogaph" {vorpal, Fly}
  2004 | D:2      | Identified a scroll of acquirement
  2004 | D:2      | Acquired 519 gold pieces
  2504 | D:3      | Found a faded altar of an unknown god.
  2563 | D:3      | Reached XP level 5. HP: 16/33 MP: 5/5
  3572 | D:3      | Found a runed translucent door.
  3573 | D:3      | Noticed Crazy Yiuf
  3580 | D:3      | Killed Crazy Yiuf
  3581 | D:3      | Reached skill level 1 in Evocations
  3802 | D:4      | Reached XP level 6. HP: 17/38 MP: 6/6
  4242 | D:4      | Killed from afar by an orc priest

Illustrated notes

Levels and vault maps discovered:
D:1:      dpeg_arrival_arbitrary_b, layout_basic, serial_curves, eino_curves_04,
          eino_curves_01, minmay_tall_x
D:2:      cheibrodos_old_hovel, layout_rooms
D:3:      layout_basic, chequers_ecumenical_altar_island,
          hangedman_abyss_or_decor_lesser_grid, uniq_crazy_yiuf_cottage
D:4:      layout_basic, minmay_temple_entry_statues, uniq_pikel

Skill      XL: |  1  2  3  4  5  6 |
---------------+-------------------+-----
Axes           | 2 3 4 |  4.0
Fighting       | 4 |  4.3
Armour         | 4 |  4.4
Shields        | 4 |  4.1
Evocations     | 1 |  1.3

Action                   |  1- 3 |  4- 6 || total
-------------------------+-------+-------++-------
Melee: War axe           |   134 |   158 ||   292
  Use: Scroll            |     1 |     8 ||     9
Armor: Scale mail        |    82 |    34 ||   116
       Chain mail        |       |   102 ||   102
Dodge: Dodged            |    48 |    71 ||   119
Block: Buckler           |    32 |    57 ||    89

Table legend: (Time is in decaauts)
 A = Elapsed time spent in this place.
 B = Non-inter-level travel time spent in this place.
 C = Inter-level travel time spent in this place.
 D = Time resting spent in this place.
 E = Time spent auto-exploring this place.
 F = Levels seen in this place.
 G = Mean time per level.
                   A        B        C        D        E       F      G
               +--------+--------+--------+--------+--------+-----+--------+
         Total |   4359 |   4266 |     93 |    460 |   2933 |   4 | 1089.8 |
       Dungeon |   4359 |   4266 |     93 |    460 |   2933 |   4 | 1089.8 |
               +--------+--------+--------+--------+--------+-----+--------+

Top non-repeatable levels by time:
     D:1: 1735 daAuts
     D:3: 1308 daAuts
     D:2: 793 daAuts
     D:4: 522 daAuts
